 Dungeon Crawl Stone Soup version 0.32-a0-673-g3729bd5 (webtiles) character file.

Game seed: 12718764410771263729

33936 Anonymous1 the Bludgeoner (level 13, -9/222 HPs)
             Began as an Oni Berserker on Mar 10, 2024.
             Was a High Priest of Trog.
             Mangled by a cane toad (22 damage)
             ... on level 3 of the Lair of Beasts.
             The game lasted 00:29:16 (15368 turns).

Anonymous1 the Bludgeoner (Oni Berserker)          Turns: 15368, Time: 00:29:16

Health: -9/222     AC:  8    Str: 31    XL:     13   Next: 74%
Magic:  13/13      EV: 11    Int:  8    God:    Trog [*****.]
Gold:   1175       SH:  0    Dex:  8    Spells: 12/12 levels left

rFire   x . .        U - +9 giant spiked club (freeze)
rCold   + + .        (shield currently unavailable)
rNeg    . . .        o - +0 steam dragon scales
rPois   .            k - +1 hat {Will+}
rElec   .            E - +0 cloak
rCorr   .            (gloves unavailable)
SInv    .            (boots unavailable)
Will    ++...        C - amulet "Malosu" {Regen+ Str+3} Stlth
                     e - ring of protection from cold
HPRegen 1.37/turn    T - ring of ice
MPRegen 0.13/turn

%: no passive effects
@: berserking, lethally poisoned (-9 -> -24), studying Dodging, very quick
A: large, unfitting armour, horns 2, tough skin 1, double potion healing,
drunken brawling, inability to drink after injury 1
a: Renounce Religion, Berserk, Trog's Hand, Brothers in Arms


You were on level 3 of the Lair of Beasts.
You worshipped Trog.
Trog was extremely pleased with you.
You visited 2 branches of the dungeon, and saw 14 of its levels.
You also visited: Sewer, Ossuary, Gauntlet and Ice Cave.

You collected 1470 gold pieces.
You spent 295 gold pieces at shops.

Inventory:

Hand Weapons
 U - a +9 giant spiked club of freezing (weapon)
Missiles
 r - 3 curare-tipped darts (quivered)
 v - 2 throwing nets
 J - 13 large rocks
 P - 10 javelins
 R - 3 atropa-tipped darts
Armour
 k - a +1 hat of willpower (worn)
 o - +0 steam dragon scales (worn)
 E - a +0 cloak (worn)
Jewellery
 e - a ring of protection from cold (left hand)
 g - a ring of resist corrosion
 C - the amulet "Malosu" (around neck) {Regen+ Str+3}
   (You acquired it on level 10 of the Dungeon)

   [amulet of regeneration]

   Str+3:     It affects your strength (+3).
   Regen+:    It increases your rate of health regeneration.
 I - an amulet of reflection
 L - the ring "Dous" {+Blink Int+7 Dex-3 SInv}
   (You found it in a Gauntlet)

   [ring of see invisible]

   Int+7:     It affects your intelligence (+7).
   Dex-3:     It affects your dexterity (-3).
   SInv:      It lets you see invisible.
   +Blink:    It lets you blink.
 M - a ring of protection from fire
 S - a +6 ring of strength
 T - a ring of ice (right hand)
Talismans
 w - a blade talisman
Wands
 m - a wand of mindburst (26)
 p - a wand of roots (23)
 u - a wand of charming (5)
 H - a wand of light (1)
 O - a wand of flame (16)
Scrolls
 b - 2 scrolls of identify
 c - 3 scrolls of torment
 d - 5 scrolls of immolation
 q - 6 scrolls of teleportation
 t - a scroll of fear
 y - a scroll of summoning
 A - 2 scrolls of poison
 K - a scroll of brand weapon
Potions
 a - a potion of ambrosia
 f - 6 potions of enlightenment
 h - 3 potions of resistance
 i - 2 potions of curing
 j - 3 potions of heal wounds
 n - 2 potions of magic
 s - 3 potions of berserk rage
 x - 2 potions of lignification
 B - 3 potions of haste
 D - 2 potions of cancellation
 F - 2 potions of mutation
 Q - a potion of attraction
Miscellaneous
 N - a lightning rod (4/4)


   Skills:
 + Level 14.6 Fighting
 * Level 17.7 Maces & Flails
 - Level 4.7 Throwing
 + Level 9.0 Dodging


You had 12 spell levels left.
You didn't know any spells.
Your spell library was empty.

Dungeon Overview and Level Annotations

Branches:
Dungeon (11/15)            Temple (0/1) D:5            Lair (3/5) D:8
  Swamp (0/4) Lair:3       Spider (0/4) Lair:2          Orc (0/2) D:11
  Sewer (visited)         Ossuary (visited)           IceCv (visited)
Gauntlet (visited)

Altars:
Kikubaaqudgha
Ru
Uskayaw
Yredelemnul

Shops:
D:5 *   D:7 (


Innate Abilities, Weirdness & Mutations

You are too large for most types of armour.
You have a pair of horns on your head.
You have tough skin. (AC +1)
You gain doubled healing and magic from potions.
Whenever you drink a healing potion, you attack all around you.
You occasionally lose the ability to drink potions when taking damage.


Message History

The hornet barely misses you.
The spriggan druid casts a spell at you.
The stone arrow hits you!!! The cane toad stings you!
* * * LOW HITPOINT WARNING * * *
Unknown command.
You stick the hornet like a pincushion!!!
You freeze the hornet.
You kill the hornet!
Trog accepts your kill.
You feel very sick.
The spriggan druid hits you with a +2 heavy quarterstaff!
* * * LOW HITPOINT WARNING * * *
You skewer the spriggan druid like a kebab!!!
You freeze the spriggan druid!
With its final breath, the spriggan druid offers up its power to the beasts of the wild!
The cane toad is healed.
The cane toad seems to grow more fierce.
You kill the spriggan druid!
Trog accepts your kill.
Trog appreciates your killing of a magic user.
You feel sick. A root smacks you from below!
* * * LOW HITPOINT WARNING * * *
The cane toad stings you.
* * * LOW HITPOINT WARNING * * *
You are lethally poisoned!
The cane toad poisons you!
You crush the spriggan druid like a grape!!!
You freeze the spriggan druid.
You feel the power of Trog in you as your rage grows.
With its final breath, the spriggan druid offers up its power to the beasts of the wild!
The cane toad is healed.
The cane toad seems to grow more fierce.
You kill the spriggan druid!
Trog accepts your kill.
Trog appreciates your killing of a magic user.
The forest abruptly stops moving.
* * * LOW HITPOINT WARNING * * *
You feel very sick. The cane toad stings you!!
You die...

....##'#P.#.....# #....'..
................##### #.#....P#.
..................... .........##
..................... .........P#
..................... ...........
..................... ...........
..............♣♣♣♣♣ ♣♣.........
...#####..#.#♣....♣♣.♣ ♣........<
...####.#.##♣♣♣♣@...♣ ♣#..<..###
....##.##.# ♣)F)...♣ ♣.....###.
...###....### ♣......§§♣#....##..
...##.......# ♣...♣.♣♣§♣.....##..
....#†....#.#♣♣..♣...§ ♣#....#...
.............♣..♣♣..♣.♣♣♣.....#..
.......P.##.#♣.. ♣. ♣♣♣.....#...
...##.######♣♣♣♣ .. ♣.....##..
....##..#..#.♣♣♣♣♣♣♣♣♣♣♣♣....####


You could see a cane toad (strong).

Vanquished Creatures
  Gastronok (D:8)
  A minotaur (Gauntlet)
  A hydra (Lair:2)
  Fannar (Lair:3)
  3 two-headed ogres
  Nergalle (D:11)
  A soul eater (Gauntlet)
  Amaemon (Lair:2)
  Lodul (D:11)
  A pharaoh ant (Lair:2)
  2 spriggan druids (Lair:3)
  2 glowing orange brains (Gauntlet)
  3 cyclopes (D:11)
  A moth of wrath (Gauntlet)
  4 ugly things
  3 black mambas
  3 ice statues (IceCv)
  A torpor snail (Lair:3)
  6 cane toads
  An orange demon (Lair:2)
  A rime drake (Lair:3)
  Maggie (Lair:2)
  An anaconda simulacrum (IceCv)
  A kobold demonologist (D:11)
  A komodo dragon (Lair:2)
  2 polar bears (Lair:1)
  2 hornets
  A tarantella (Lair:2)
  Prince Ribbit (D:5)
  Sigmund (D:5)
  2 wyverns
  35 yaks
  2 shadows (D:11)
  Eustachio (D:5)
  Grum (D:11)
  2 steam dragons
  3 death yak simulacra (IceCv)
  An acid dragon (D:10)
  Edmund (D:4)
  6 water moccasins
  A hydra simulacrum (IceCv)
  A black bear (D:6)
  An ice beast (D:6)
  2 sky beasts (D:7)
  8 ogres
  15 wolves
  3 centaurs
  A weeping skull (Ossuary)
  9 kobold brigands
  16 bullfrogs
  A gnoll sergeant (D:9)
  3 scorpions (Lair:2)
  A cane toad simulacrum (IceCv)
  21 wights
  5 killer bees (D:10)
  An elephant simulacrum (IceCv)
  4 howler monkeys
  An electric eel (D:9)
  4 centaur zombies
  A quasit (Sewer)
  A spectral scorpion (Ossuary)
  5 orc priests
  2 gnoll boudas
  7 hounds
  A human zombie (Ossuary)
  2 jellies
  5 iguanas
  Ijyb (D:4)
  Natasha (thrice) (D:2)
  7 orc wizards
  4 killer bee zombies
  A hound zombie (Ossuary)
  4 mummies
  Robin (D:2)
  11 gnolls
  2 howler monkey zombies (D:7)
  6 adders
  6 shadow imps
  16 white imps
  An ufetubus (Sewer)
  8 adder zombies (Ossuary)
  2 dart slugs (D:1)
  2 ribbon worms
  34 orcs
  8 ball pythons
  8 bats
  A bat zombie (Sewer)
  8 endoplasms
  8 giant cockroaches
  3 gnoll zombies (Ossuary)
  16 goblins
  6 hobgoblins
  6 jackals
  3 quokkas
  3 ball python zombies (Ossuary)
  7 frilled lizards
  4 jackal zombies (Ossuary)
  23 kobolds
  4 kobold zombies (Ossuary)
  An orc zombie (Ossuary)
  5 rats
449 creatures vanquished.

Vanquished Creatures (collateral kills)
  2 gnolls (D:9)
2 creatures vanquished.

Vanquished Creatures (others)
  A kobold brigand (D:9)
  An endoplasm (Sewer)
2 creatures vanquished.

Grand Total: 453 creatures vanquished

Notes
Turn   | Place    | Note
-------+----------+-------------------------------------------
     0 | D:1      | Anonymous1 the Oni Berserker began the quest for the Orb.
     0 | D:1      | Reached XP level 1. HP: 24/24 MP: 1/1
   203 | D:1      | Reached XP level 2. HP: 19/32 MP: 2/2
   453 | D:1      | Reached XP level 3. HP: 23/40 MP: 3/3
   903 | D:2      | Noticed Natasha
   914 | D:2      | Killed Natasha
   915 | D:2      | Reached skill level 4 in Maces & Flails
   915 | D:2      | Reached XP level 4. HP: 20/49 MP: 4/4
   943 | D:2      | Noticed Natasha
   952 | D:2      | Killed Natasha
  1121 | D:2      | Reached ** piety under Trog
  1193 | D:2      | Noticed Natasha
  1199 | D:2      | Killed Natasha
  1200 | D:2      | Reached XP level 5. HP: 46/55 MP: 5/5
  1239 | D:2      | Noticed Robin
  1259 | D:2      | Reached skill level 5 in Maces & Flails
  1259 | D:2      | Killed Robin
  1734 | D:2      | Identified the +0 leather armour of Ifar Cakuy {Str+2 SInv}
  1779 | D:3      | Reached skill level 5 in Fighting
  2195 | D:3      | Reached XP level 6. HP: 47/66 MP: 6/6
  2342 | D:4      | Noticed Edmund
  2349 | D:4      | Killed Edmund
  2350 | D:4      | Reached skill level 6 in Maces & Flails
  2562 | D:4      | Reached XP level 7. HP: 10/72 MP: 7/7
  3394 | D:4      | Noticed Ijyb
  3396 | D:4      | Killed Ijyb
  3428 | D:4      | Reached *** piety under Trog
  3429 | D:4      | Reached skill level 7 in Maces & Flails
  3788 | D:5      | Entered Level 5 of the Dungeon
  3788 | D:5      | Found a staircase to the Ecumenical Temple.
  3795 | D:5      | Noticed Sigmund
  3804 | D:5      | Killed Sigmund
  3967 | D:5      | Found Hygg's General Store.
  3975 | D:5      | Identified the +1 helmet of the Thoughtful Ghosts {Rampage
                  | rF- Dex+2 Slay+2}
  3982 | D:5      | Bought a wand of charming (6) for 158 gold pieces
  3982 | D:5      | Bought a scroll of teleportation for 33 gold pieces
  3982 | D:5      | Bought a scroll of identify for 22 gold pieces
  4037 | D:5      | Noticed Prince Ribbit
  4062 | D:5      | Killed Prince Ribbit
  4063 | D:5      | Reached skill level 8 in Maces & Flails
  4063 | D:5      | Reached XP level 8. HP: 27/83 MP: 8/8
  4154 | D:5      | Noticed Eustachio
  4161 | D:5      | Killed Eustachio
  4203 | D:5      | Found a sand-covered staircase.
  4211 | Ossuary  | Entered an ossuary
  4348 | Ossuary  | Reached skill level 9 in Maces & Flails
  4396 | Ossuary  | Reached **** piety under Trog
  4695 | D:5      | Gained mutation: You are dopey. (Int -2) [potion of
                  | mutation]
  4695 | D:5      | Gained mutation: Armour fits poorly on your strangely
                  | shaped body. [potion of mutation]
  4695 | D:5      | Gained mutation: Your flesh is cold resistant. (rC+)
                  | [potion of mutation]
  5399 | D:5      | Bought a scroll of enchant armour for 82 gold pieces
  5581 | D:6      | Reached XP level 9. HP: 93/93 MP: 9/9
  5670 | D:6      | Reached skill level 10 in Maces & Flails
  6189 | D:6      | Found a glowing drain.
  6214 | Sewer    | Entered a sewer
  6407 | Sewer    | Found a burning altar of Makhleb.
  6995 | D:6      | Reached skill level 5 in Dodging
  7128 | D:6      | Found an ancient bone altar of Kikubaaqudgha.
  7181 | D:7      | Reached ***** piety under Trog
  7456 | D:7      | Lost mutation: You are dopey. (Int -2) [potion of mutation]
  7456 | D:7      | Lost mutation: Armour fits poorly on your strangely shaped
                  | body. [potion of mutation]
  7456 | D:7      | Lost mutation: Your flesh is cold resistant. (rC+) [potion
                  | of mutation]
  7456 | D:7      | Gained mutation: You occasionally lose the ability to drink
                  | potions when taking damage. [potion of mutation]
  7456 | D:7      | Gained mutation: You have a pair of horns on your head.
                  | [potion of mutation]
  7471 | D:7      | Found a sacrificial altar of Ru.
  7489 | D:7      | Found a hide-covered altar of Uskayaw.
  7518 | D:7      | Reached skill level 11 in Maces & Flails
  7971 | D:7      | Noticed a hornet
  7976 | D:7      | Killed a hornet
  7977 | D:7      | Reached XP level 10. HP: 106/106 MP: 10/10
  8106 | D:7      | Found a transporter.
  8110 | D:7      | Found Jioruon's Antique Weapon Shop.
  8128 | D:7      | Found a transporter.
  8180 | D:7      | Reached skill level 12 in Maces & Flails
  8573 | D:8      | Found a staircase to the Lair.
  8704 | D:8      | Noticed Gastronok
  8715 | D:8      | Killed Gastronok
  8716 | D:8      | Reached skill level 13 in Maces & Flails
  9317 | D:9      | Reached skill level 10 in Fighting
  9504 | D:9      | Reached XP level 11. HP: 105/117 MP: 11/11
  9595 | D:9      | Received a gift from Trog
  9755 | D:9      | Reached skill level 14 in Maces & Flails
  9885 | D:10     | Entered Level 10 of the Dungeon
  9909 | D:10     | Identified a scroll of acquirement
  9909 | D:10     | Acquired the amulet "Malosu" {Regen+ Str+3}
  9928 | D:10     | Noticed a two-headed ogre
  9940 | D:10     | Killed a two-headed ogre
 10129 | D:10     | Found a basalt altar of Yredelemnul.
 10469 | D:10     | Noticed a two-headed ogre
 10479 | D:10     | Killed a two-headed ogre
 10676 | D:11     | Noticed Grum
 10697 | D:11     | Killed Grum
 10756 | D:11     | Noticed a two-headed ogre
 10768 | D:11     | Killed a two-headed ogre
 10769 | D:11     | Reached skill level 15 in Maces & Flails
 10842 | D:11     | Noticed a cyclops
 10851 | D:11     | Killed a cyclops
 10875 | D:11     | Noticed a brown ugly thing
 10895 | D:11     | Killed a brown ugly thing
 10968 | D:11     | Noticed Nergalle
 10979 | D:11     | Killed Nergalle
 11156 | D:11     | Reached XP level 12. HP: 131/131 MP: 12/12
 11159 | D:11     | Noticed Lodul
 11365 | D:11     | Killed Lodul
 11631 | D:11     | Found a staircase to the Orcish Mines.
 11735 | Lair:1   | Entered Level 1 of the Lair of Beasts
 11763 | Lair:1   | Found a gate leading to a gauntlet.
 11786 | Gauntlet | Entered a Gauntlet
 11786 | Gauntlet | Found a transporter.
 11786 | Gauntlet | Found a transporter.
 11791 | Gauntlet | Noticed a soul eater
 11793 | Gauntlet | Found a runed translucent door.
 11804 | Gauntlet | Found a transporter.
 11808 | Gauntlet | Found a transporter.
 11812 | Gauntlet | Found a runed translucent door.
 11814 | Gauntlet | Found a runed translucent door.
 11816 | Gauntlet | Found a transporter.
 11820 | Gauntlet | Found a transporter.
 11831 | Gauntlet | Found a transporter.
 11842 | Gauntlet | Found a runed translucent door.
 11845 | Gauntlet | Found a transporter.
 11847 | Gauntlet | Found a runed translucent door.
 11859 | Gauntlet | Found a transporter.
 11863 | Gauntlet | Found a transporter.
 11871 | Gauntlet | Found a transporter.
 11875 | Gauntlet | Found a transporter.
 11927 | Gauntlet | Killed a soul eater
 11936 | Gauntlet | Identified the amulet "Doxzyi" {RegenMP+ Int+3 Dex+4}
 11991 | Gauntlet | Reached skill level 1 in Throwing
 12003 | Gauntlet | Reached skill level 16 in Maces & Flails
 12103 | Gauntlet | Identified the ring "Dous" {+Blink Int+7 Dex-3 SInv}
 12130 | Gauntlet | Noticed a minotaur
 12141 | Gauntlet | Killed a minotaur
 12697 | Lair:1   | You fall into a shaft and drop 1 floor!
 13392 | Lair:2   | Noticed Maggie
 13403 | Lair:2   | Killed Maggie
 13410 | Lair:2   | Reached XP level 13. HP: 131/145 MP: 13/13
 13505 | Lair:2   | Noticed Amaemon
 13657 | Lair:2   | Killed Amaemon
 13674 | Lair:2   | Found a hole to the Spider Nest.
 14299 | Lair:3   | Noticed Fannar
 14313 | Lair:3   | Killed Fannar
 14316 | Lair:3   | Reached skill level 17 in Maces & Flails
 14388 | Lair:3   | Found a frozen archway.
 14397 | IceCv    | Entered an ice cave
 14413 | IceCv    | Received a gift from Trog
 14508 | IceCv    | Acquired a manual of Dodging
 14537 | IceCv    | Identified the +1 falchion "Agoorhu" {holy, rF+ Dex+2}
 15359 | Lair:3   | Found a staircase to the Swamp.
 15368 | Lair:3   | Mangled by a cane toad

Illustrated notes

Levels and vault maps discovered:
D:1:      lightli_molten_gateway, layout_loops_ring
D:2:      layout_loops_ring, nicolae_titane, uniq_robin, uniq_natasha
D:3:      cheibrodos_pilgrimage, layout_basic, minmay_door_square
D:4:      layout_rooms, kennysheep_generic_room_16, uniq_ijyb, uniq_edmund
D:5:      layout_basic, minmay_temple_entry_offerings, serial_shops, shop,
          gup_ossuary_entry_pyramid, serial_bayou_lagoon_b, uniq_prince_ribbit1,
          uniq_sigmund, uniq_eustachio
D:6:      layout_basic, mainiacjoe_overflow_alcove_1, portal_sewer_entry_b
D:7:      layout_loops_ring, mainiacjoe_overflow_swirl, serial_undead,
          serial_undead_c, serial_undead_d, serial_undead_e, serial_undead_a,
          serial_shops, nicolae_shop_drivethru, grunt_ministairs_3
D:8:      layout_cave_pools, lair_entry_dummy, uniq_gastronok
D:9:      layout_cave_pools, hangedman_decor_growths, serial_bayou_lake_a
D:10:     layout_roguey, old_standard_altar, hangedman_abyss_or_decor_stabs
D:11:     layout_basic, orc_0_dummy, uniq_grum, uniq_nergalle, uniq_lodul
Lair:1:   layout_hall_layers, gauntlet_entry_generic, minmay_holes,
          minmay_stone_trees_medium, chequers_serial_rivers_micro_b,
          grunt_megastairs_5
Lair:2:   cheibrodos_lair_river_kwai, layout_chaotic_city,
          nicolae_spider_entry_lesser_pyramids, uniq_maggie, uniq_amaemon
Lair:3:   layout_regular_city, mainiacjoe_swamp_entry_angry_trees,
          portal_ice_cave_entry_imps, uniq_fannar

Skill      XL: |  1  2  3  4  5  6  7  8  9 10 11 12 13 |
---------------+----------------------------------------+-----
Dodging        | 3 4 5 6 7 8 9 |  9.0
Maces & Flails | 4 5 6 8 9 11 13 15 16 17 | 17.7
Fighting       | 5 6 7 8 10 11 13 14 | 14.6
Throwing       | 3 4 |  4.7

Action                     |  1- 3 |  4- 6 |  7- 9 | 10-12 | 13-15 || total
---------------------------+-------+-------+-------+-------+-------++-------
  Melee: Mace              |    70 |   100 |       |       |       ||   170
         Headbutt          |     9 |    16 |    65 |   114 |    52 ||   256
         Flail             |       |    29 |   336 |   595 |   136 ||  1096
         Whip              |       |       |    48 |       |       ||    48
         Giant spiked club |       |       |       |       |    96 ||    96
  Throw: Dart              |       |     2 |     8 |     2 |     1 ||    13
 Invoke: Berserk           |       |     4 |     5 |    12 |     4 ||    25
         Trog's Hand       |       |     2 |     2 |     6 |       ||    10
  Evoke: Wand              |       |       |     8 |     1 |     1 ||    10
    Use: Scroll            |     6 |     1 |     8 |    12 |     8 ||    35
         Potion            |       |       |     4 |       |     4 ||     8
   Stab: Distracted        |       |       |     1 |       |       ||     1
 Armour: Animal skin       |    57 |   106 |   246 |       |       ||   409
         Steam dragon scal |       |       |    30 |   285 |   209 ||   524
  Dodge: Dodged            |    40 |    86 |   191 |   316 |    91 ||   724

Table legend: (Time is in decaauts)
 A = Elapsed time spent in this place.
 B = Non-inter-level travel time spent in this place.
 C = Inter-level travel time spent in this place.
 D = Time resting spent in this place.
 E = Time spent auto-exploring this place.
 F = Levels seen in this place.
 G = Mean time per level.
                   A        B        C        D        E       F      G
               +--------+--------+--------+--------+--------+-----+--------+
         Total |  15377 |  14877 |    500 |   1864 |   9557 |  18 |  854.3 |
       Dungeon |  10829 |  10405 |    424 |   1480 |   6662 |  11 |  984.5 |
          Lair |   2872 |   2797 |     75 |     77 |   2194 |   3 |  957.3 |
         Sewer |    499 |    499 |      0 |     75 |    281 |   1 |  499.0 |
       Ossuary |    464 |    464 |      0 |     27 |    294 |   1 |  464.0 |
      Ice Cave |    341 |    341 |      0 |    152 |     12 |   1 |  341.0 |
      Gauntlet |    370 |    370 |      0 |     51 |    113 |   1 |  370.0 |
               +--------+--------+--------+--------+--------+-----+--------+

Top non-repeatable levels by time:
     D:7: 1373 daAuts
     D:5: 1222 daAuts
     D:6: 1172 daAuts
  Lair:2: 1122 daAuts
     D:3: 1061 daAuts
    D:11: 1050 daAuts
     D:4: 1006 daAuts
  Lair:1: 951 daAuts
     D:2: 945 daAuts
     D:1: 865 daAuts
  Lair:3: 799 daAuts
    D:10: 761 daAuts
     D:8: 734 daAuts
     D:9: 635 daAuts
   Sewer: 499 daAuts
